 Dungeon Crawl Stone Soup version 0.16.2-12-gd0ad4c3 (webtiles) character file.

181 Iehaaru the Cudgeler (level 5, -4/45 HPs)
             Began as a Hill Orc Fighter on Sept 24, 2015.
             Was an Initiate of Makhleb.
             Killed from afar by an orc wizard (7 damage)
             ... with a magic dart
             ... on level 3 of the Dungeon.
             The game lasted 00:08:43 (1825 turns).

Iehaaru the Cudgeler (Hill Orc Fighter)             Turns: 1825, Time: 00:08:43

Health: -4/45      AC:  7    Str: 20    XL:     5   Next: 61%
Magic:  5/5        EV: 10    Int: 11    God:    Makhleb [......]
Gold:   152        SH:  0    Dex: 10    Spells: 0 memorised, 4 levels left

rFire  . . .     SeeInvis .     o - +3 mace
rCold  . . .     Clarity  .     b - +0 scale mail
rNeg   . . .     SustAb   .     (no shield)
rPois  .         Gourm    .     (no helmet)
rElec  .         Spirit   .     (no cloak)
rCorr  .         Warding  .     (no gloves)
rMut   .         Stasis   .     (no boots)
MR     .....                    (no amulet)
Stlth  ..........               l - +1 ring of protection
                                j - +3 ring of intelligence

@: lethally poisoned (-4 -> -14), not resistant to hostile enchantments,
extremely unstealthy
A: no striking features
a: Renounce Religion


You were on level 3 of the Dungeon.
You worshipped Makhleb.
Makhleb was noncommittal.
You were not hungry.

You visited 1 branch of the dungeon, and saw 3 of its levels.

You collected 152 gold pieces.

Inventory:

Hand weapons
 a - a +0 flail
 o - a +3 mace (weapon)
Armour
 b - a +0 scale mail (worn)
 c - a +0 shield
Jewellery
 j - a +3 ring of intelligence (left hand)
 l - a +1 ring of protection (right hand)
Magical devices
 e - a wand of slowing (38)
Scrolls
 f - 3 scrolls of amnesia {unknown}
 g - 2 scrolls of teleportation {unknown}
 h - a scroll of random uselessness {unknown}
 i - 2 scrolls of remove curse {unknown}
 k - a scroll of magic mapping {unknown}
 m - 2 scrolls of noise {unknown}
 p - a scroll of immolation {unknown}
 q - a scroll of enchant armour {unknown}
Comestibles
 d - 3 meat rations
 n - 2 bread rations
 r - a chunk of flesh


   Skills:
 - Level 3.6 Fighting
 + Level 5.7 Maces & Flails
 - Level 3.2 Armour
 - Level 1.4 Dodging
 - Level 3.2 Shields


You had 4 spell levels left.
You didn't know any spells.

Dungeon Overview and Level Annotations

Branches:
Dungeon (3/15)

Altars:
Dithmenos
Makhleb
Sif Muna
Trog

Annotations:
D:2 Robin


Message History

You hit the orc wizard but do no damage.
The orc wizard is moderately wounded.
* * * LOW HITPOINT WARNING * * *
You feel sick. The orc wizard barely misses you.
You feel less confused.
* * * LOW HITPOINT WARNING * * *
You feel sick.
You barely miss the orc wizard.
The orc wizard is moderately wounded.
* * * LOW HITPOINT WARNING * * *
You feel sick.
The orc wizard mumbles some strange words.
The orc wizard flickers and vanishes!
Deactivating autopickup; reactivate with Ctrl-A.
You hit something.
* * * LOW HITPOINT WARNING * * *
You feel sick.
You hear some strange, mumbled words.
The magic dart hits you!
You die...

#.##......#
#.#####...#
#.# ##.#.##
#.#
##.###.#######
#.# #.##
##......# #o#
##.###.#......
#o#
#..#.##.###..
#{# #.#.....#
###
#@####.#######
#......#
########


You could see 2 orcs.

Vanquished Creatures
  Jessica (D:3)
  Terence (D:3)
  3 gnolls (D:3)
  4 adders
  3 worms (D:2)
  2 giant geckos (D:3)
  5 orcs (D:3)
  A ball python (D:3)
  7 bats
  9 goblins
  6 hobgoblins
  11 jackals
  3 giant newts
  3 kobolds
  10 rats
69 creatures vanquished.

Notes
Turn   | Place    | Note
--------------------------------------------------------------
     0 | D:1      | Iehaaru, the Hill Orc Fighter, began the quest for the Orb.
     0 | D:1      | Reached XP level 1. HP: 19/19 MP: 1/1
   213 | D:1      | Reached XP level 2. HP: 26/26 MP: 2/2
   603 | D:2      | Noticed Terence
   899 | D:2      | Reached XP level 3. HP: 31/31 MP: 3/3
   929 | D:2      | Noticed Robin
   951 | D:2      | Reached skill level 4 in Maces & Flails
  1100 | D:2      | Found a bloodstained altar of Trog.
  1196 | D:2      | Reached XP level 4. HP: 30/39 MP: 4/4
  1225 | D:3      | Reached skill level 1 in Dodging
  1551 | D:3      | Reached skill level 5 in Maces & Flails
  1551 | D:3      | Reached XP level 5. HP: 38/45 MP: 5/5
  1646 | D:3      | Killed Terence
  1665 | D:3      | Found a deep blue altar of Sif Muna.
  1665 | D:3      | Found a shadowy altar of Dithmenos.
  1665 | D:3      | Noticed Jessica
  1682 | D:3      | Killed Jessica
  1688 | D:3      | Found a burning altar of Makhleb.
  1710 | D:3      | Became a worshipper of Makhleb the Destroyer
  1825 | D:3      | Killed from afar by an orc wizard

Action                   |  1- 3 |  4- 6 || total
-------------------------+-------+-------++-------
Melee: Flail             |    50 |       ||    50
       Mace              |    54 |    89 ||   143
  Use: Potion            |       |     4 ||     4
  Eat: Chunk             |     1 |     2 ||     3
